 Dungeon Crawl Stone Soup version 0.22.0 (webtiles) character file.

18974 BigChef the Carver (level 12, -17/100 HPs)
             Began as a Demonspawn Chaos Knight on Aug 28, 2018.
             Demolished by a titanic slime creature (57 damage)
             ... on level 13 of the Dungeon.
             The game lasted 00:49:54 (13734 turns).

BigChef the Carver (Demonspawn Chaos Knight)       Turns: 13734, Time: 00:49:54

Health: -17/100    AC: 13    Str: 21    XL:     12   Next: 32%
Magic:  13/13      EV: 12    Int: 19    God:    Xom [......]
Gold:   341        SH: 20    Dex: 13    Spells: 11/11 levels left

rFire    . . .     SeeInvis +   a - +6 falchion (chaos)
rCold    . . .     Gourm    .   k - +0 large shield
rNeg     . . .     Faith    .   d - +0 troll leather armour {Purgy}
rPois    .         Spirit   .   (helmet restricted)
rElec    .         Reflect  +   B - +0 cloak
rCorr    .         Harm     .   G - +0 pair of gloves
MR       .....                  (no boots)
Stlth    ++++++....             p - +3 amulet of reflection
HPRegen  0.66/turn              s - ring of see invisible
MPRegen  0.13/turn              j - +3 ring of protection

@: mighty
A: horns 1, slimy green scales 2, camouflage 1, clever 2, nightstalker 2, robust
1, wild magic 1, rot immunity
a: Renounce Religion


You were on level 13 of the Dungeon.
You worshipped Xom.
You were a very special plaything of Xom.
You were not hungry.

You visited 2 branches of the dungeon, and saw 14 of its levels.

You collected 666 gold pieces.
You spent 325 gold pieces at shops.

Inventory:

Hand Weapons
 a - a +6 falchion of chaos (weapon)
 F - a cursed +2 scimitar of freezing
Armour
 b - a +2 leather armour
 d - a +0 troll leather armour (worn) {Purgy}
 k - a +0 large shield (worn)
 z - a +1 plate armour of poison resistance
 B - a +0 cloak (worn)
 G - a +0 pair of gloves (worn)
Jewellery
 j - a +3 ring of protection (right hand)
 p - a +3 amulet of reflection (around neck)
 s - a ring of see invisible (left hand)
 t - a +2 ring of evasion
 u - an uncursed amulet of the acrobat
 v - a +2 amulet of reflection
 y - an uncursed ring of fire
Wands
 f - a wand of disintegration (16)
 l - a wand of paralysis (2)
 n - a wand of clouds (6)
 o - a wand of random effects (34)
 r - a wand of polymorph (31)
 w - a wand of flame (21)
Scrolls
 g - 4 scrolls of identify
 h - 3 scrolls of random uselessness
 i - 8 scrolls of remove curse
 m - a scroll of amnesia
 x - 2 scrolls of blinking
 D - a scroll of torment
 E - a scroll of magic mapping
Potions
 e - a potion of brilliance
 q - 4 potions of flight
 C - a potion of curing
Comestibles
 c - 31 rations


   Skills:
 + Level 7.5 Fighting
 + Level 10.3 Long Blades
 + Level 5.2 Armour
 + Level 6.7 Dodging
 + Level 7.7 Stealth
 + Level 9.6 Shields
 + Level 2.5 Evocations


You had 11 spell levels left.
You didn't know any spells.
Your spell library contained the following spells:

 Spells                   Type           Power        Failure   Level  Hunger
 Fireball                 Conj/Fire      #.........   100%        5    ######.
 Conjure Flame            Conj/Fire      #.......     99%         3    ####...
 Throw Flame              Conj/Fire      #.....       97%         2    ###....
 Sticky Flame             Conj/Fire      #.......     100%        4    #####..
 Spider Form              Tmut/Pois      #.........   99%         3    ####...
 Blade Hands              Tmut           #.........   100%        5    ######.
 Ice Form                 Ice/Tmut       #.......     100%        4    #####..
 Flame Tongue             Conj/Fire      #....        90%         1    ##.....
 Sticks to Snakes         Tmut           #.......     97%         2    ###....
 Inner Flame              Hex/Fire       #.......     99%         3    ####...
 Beastly Appendage        Tmut           #.....       90%         1    ##.....


Dungeon Overview and Level Annotations

Branches:
Dungeon (13/15)            Temple (0/1) D:4            Lair (0/6) D:10
    Orc (1/2) D:12
 Vaults: D:13-14

Altars:
Cheibriados
Qazlal
Xom
The Shining One
Beogh

Shops:
D:5 =?=(}   D:8 =

Annotations:
Orc:1 Sonja


Innate Abilities, Weirdness & Mutations

You have a pair of small horns on your head.
You are mostly covered in slimy green scales. (AC +3)
You are significantly more attuned to the shadows.
You are immune to rotting.
Your skin changes colour to match your surroundings (Stealth+).
Your mind is very acute. (Int +4)
You are robust. (+10% HP)
Your spells are a little harder to cast, but a little more powerful.


Message History

You slash the titanic slime creature!
Your headbutt misses the titanic slime creature.
The titanic slime creature is severely wounded.
The titanic slime creature hits you!!!
You hear an angry buzzing noise.
You slash the titanic slime creature!
You headbutt the titanic slime creature!
The titanic slime creature is severely wounded.
The titanic slime creature jiggles.
You block the titanic slime creature's attack.
You slice the titanic slime creature!! You burn the titanic slime creature.
You headbutt the titanic slime creature!
The titanic slime creature is almost dead.
You block the titanic slime creature's attack.
You slice the titanic slime creature!!
The titanic slime creature is almost dead.
The titanic slime creature hits you!!!
Ouch! That really hurt!
You die...
Xom howls with laughter!

#...........#.......?...
#...........#.........J.
#...........#...........
#...........###.....#
#.............#.....#
#).......####.'.....#
#........# #†#.....#
#.......)# #J#.....#
#........####@#.....#
#.............#.....#
#.####........#.....#
.####..<.....#
.............#
......######## ...##.#
... #.# .. #.#


You could see a titanic slime creature.

Vanquished Creatures
  A great orb of eyes (D:13)
  A satyr (D:9)
  2 two-headed ogres
  A death yak (D:10)
  A tengu warrior (D:12)
  Pikel (D:6)
  2 manticores
  A cyclops (D:11)
  A centaur zombie (D:12)
  2 gargoyles
  A kobold demonologist (D:12)
  A komodo dragon (D:12)
  A tengu conjurer (D:12)
  A queen bee (D:10)
  5 trolls
  A polar bear (D:10)
  2 hippogriffs
  A centaur simulacrum (D:10)
  14 yaks
  A wraith (D:12)
  2 steam dragons (D:8)
  A hungry ghost (D:9)
  4 vampire mosquitoes
  Edmund (D:5)
  An acid dragon (D:8)
  Duvessa (D:5)
  8 ice beasts
  2 orc warriors
  6 sky beasts
  An eye of draining (D:13)
  Purgy (D:4)
  3 black bears
  2 phantoms (D:8)
  5 ogres
  A wolf (D:10)
  A centaur (D:5)
  A crocodile (D:8)
  A tengu (D:8)
  3 big kobolds
  Blork the orc (D:6)
  3 bullfrogs
  4 scorpions
  28 killer bees
  Dowan (D:5)
  5 wights (D:12)
  5 howler monkeys
  A bullfrog zombie (D:11)
  2 crimson imps
  3 quasits
  A bullfrog skeleton (D:9)
  3 orc priests
  4 centaur skeletons
  8 hounds
  2 jellies (D:8)
  An orc wizard (D:7)
  Ijyb (D:5)
  2 iguanas
  14 worker ants
  2 hound zombies
  A hound skeleton (D:7)
  3 worker ant zombies
  A howler monkey zombie (D:8)
  10 adders
  7 gnolls
  An adder (shapeshifter) (D:4)
  A shadow imp (D:9)
  A howler monkey simulacrum (D:10)
  4 white imps (D:10)
  A worker ant simulacrum (D:10)
  An ufetubus (D:10)
  2 oozes
  An adder zombie (D:8)
  An adder skeleton (D:7)
  A worm (D:4)
  3 dart slugs
  6 leopard geckos
  29 orcs
  6 giant cockroaches
  7 goblins
  7 hobgoblins
  8 jackals
  11 kobolds
  A quokka (D:4)
  A ball python (D:5)
  7 bats
  10 frilled lizards
  A goblin skeleton (D:5)
  2 goblin zombies (D:5)
  2 hobgoblin zombies (D:5)
  A kobold skeleton (D:5)
  2 leopard gecko skeletons
  A leopard gecko zombie (D:6)
  3 orc skeletons (D:5)
  A quokka simulacrum (D:10)
  2 quokka skeletons
  A quokka zombie (D:7)
  9 rats
334 creatures vanquished.

Vanquished Creatures (collateral kills)
  A centaur simulacrum (D:10)
  A steam dragon (D:8)
  An ogre (D:6)
  A bullfrog (D:10)
  A worker ant (D:8)
  A bullfrog simulacrum (D:10)
  2 white imps (D:10)
8 creatures vanquished.

Vanquished Creatures (others)
  2 vampire mosquitoes (D:13)
  A slave (D:5)
  A sky beast (D:10)
  An ogre (D:6)
  An iguana (D:7)
  An adder (D:6)
  A giant cockroach (D:6)
8 creatures vanquished.

Grand Total: 350 creatures vanquished

Notes
Turn   | Place    | Note
-------+----------+-------------------------------------------
     0 | D:1      | BigChef the Demonspawn Chaos Knight began the quest for the Orb.
     0 | D:1      | Reached XP level 1. HP: 18/18 MP: 1/1
   148 | D:1      | XOM: potion effect (invisibility)
   218 | D:1      | Reached skill level 3 in Long Blades
   218 | D:1      | Gained mutation: You are partially covered in slimy green scales. (AC +2) [demonic ancestry]
   218 | D:1      | Reached XP level 2. HP: 24/24 MP: 2/2
   309 | D:1      | Reached skill level 1 in Dodging
   615 | D:1      | XOM: cloud trail
   663 | D:1      | XOM: noise
   905 | D:1      | Gained mutation: Your mind is acute. (Int +2) [potion of mutation]
   905 | D:1      | Gained mutation: You are weak. (Str -2) [potion of mutation]
   905 | D:1      | Gained mutation: You are robust. (+10% HP) [potion of mutation]
   955 | D:2      | Gained mutation: You have a pair of small horns on your head. [demonic ancestry]
   955 | D:2      | Reached XP level 3. HP: 30/31 MP: 3/3
  1226 | D:2      | Reached XP level 4. HP: 37/38 MP: 4/4
  1256 | D:2      | XOM: noise
  1595 | D:2      | XOM: enchant monster (bad)
  1900 | D:2      | XOM: summons 2 hostile shadow creatures
  1955 | D:3      | XOM: give mutation
  1955 | D:3      | Gained mutation: You possess an exceptional clarity of mind. [Xom's grace]
  2241 | D:3      | Reached skill level 4 in Long Blades
  2241 | D:3      | Reached XP level 5. HP: 46/46 MP: 5/5
  2272 | D:3      | Noticed an ogre
  2678 | D:4      | Noticed Purgy
  2682 | D:4      | Killed Purgy
  2682 | D:4      | Reached skill level 1 in Shields
  2691 | D:4      | Gained mutation: You are mostly covered in slimy green scales. (AC +3) [demonic ancestry]
  2691 | D:4      | Reached XP level 6. HP: 52/52 MP: 6/6
  2706 | D:4      | Reached skill level 1 in Stealth
  2721 | D:4      | Found a staircase to the Ecumenical Temple.
  2783 | D:4      | XOM is BORED!
  2783 | D:4      | XOM: mild Air miscast
  2837 | D:4      | Found a sand-covered staircase.
  3392 | D:5      | Entered Level 5 of the Dungeon
  3462 | D:5      | Noticed an ice beast
  3487 | D:5      | Killed an ice beast
  3487 | D:5      | Reached XP level 7. HP: 26/59 MP: 7/7
  3627 | D:5      | XOM: give mutations
  3627 | D:5      | Gained mutation: Your skin changes colour to match your surroundings (Stealth+). [Xom's grace]
  3627 | D:5      | Lost mutation: You are weak. (Str -2) [Xom's grace]
  3627 | D:5      | Gained mutation: Your mind is very acute. (Int +4) [Xom's grace]
  3627 | D:5      | Gained mutation: You evolve. [Xom's grace]
  3669 | D:5      | Found Cystotui's Gadget Emporium.
  3672 | D:5      | Found Izxol's Weapon Shop.
  3689 | D:5      | Reached skill level 5 in Long Blades
  3829 | D:5      | Noticed Edmund
  3847 | D:5      | Killed Edmund
  3899 | D:5      | Noticed Pikel
  3907 | D:5      | XOM: enchant monster (good)
  3979 | D:6      | XOM: medium Summ miscast
  3980 | D:6      | Noticed a small abomination
  4095 | D:6      | XOM: swap monsters
  4138 | D:6      | Killed Pikel
  4138 | D:6      | Gained mutation: You are slightly more attuned to the shadows. [demonic ancestry]
  4138 | D:6      | Reached XP level 8. HP: 43/67 MP: 8/8
  4297 | D:6      | XOM: harmless Necr miscast
  4332 | D:6      | Gained mutation: Your muscles are strong. (Str +2) [evolution]
  4377 | D:6      | XOM: silly message
  4424 | D:6      | XOM: silly message
  4473 | D:6      | XOM: divination: magic mapping
  4564 | D:6      | XOM: divination: detect creatures
  4567 | D:6      | You fall through a shaft for 2 floors!
  4571 | D:8      | XOM: polymorph ogre -> basilisk
  4577 | D:8      | XOM: medium Conj miscast
  4718 | D:8      | XOM: summons friendly quasit
  4809 | D:7      | Reached skill level 1 in Evocations
  4851 | D:7      | Found a snail-covered altar of Cheibriados.
  4852 | D:7      | XOM: cleaving
  4871 | D:7      | Reached skill level 5 in Fighting
  4909 | D:7      | Reached skill level 5 in Shields
  5004 | D:7      | XOM: confuse monster(s)
  5022 | D:7      | Reached skill level 6 in Long Blades
  5034 | D:7      | Gained mutation: You are significantly more attuned to the shadows. [demonic ancestry]
  5034 | D:7      | Reached XP level 9. HP: 57/74 MP: 9/9
  5097 | D:7      | Lost mutation: Your muscles are strong. (Str +2) [evolution]
  5097 | D:7      | Lost mutation: You evolve. [end of evolution]
  5363 | D:7      | XOM: scenery: create altars
  5376 | D:7      | Found a stormy altar of Qazlal.
  5642 | D:6      | Noticed Blork the orc
  5647 | D:6      | Killed Blork the orc
  6122 | D:5      | Found a glowing golden altar of the Shining One.
  6130 | D:5      | XOM: harmless Necr miscast
  6190 | D:5      | Found Oxeroatu's Jewellery Shoppe.
  6196 | D:5      | Bought an uncursed ring of see invisible for 195 gold pieces
  6196 | D:5      | Bought a +2 ring of evasion for 130 gold pieces
  6208 | D:5      | Found Apanieb's Jewellery Boutique.
  6292 | D:5      | Noticed Dowan
  6330 | D:5      | Noticed Ijyb
  6334 | D:5      | XOM: mild Fire miscast
  6351 | D:5      | Killed Ijyb
  6369 | D:5      | XOM: harmless Chrm miscast
  6392 | D:5      | Noticed Duvessa
  6397 | D:5      | Killed Dowan
  6416 | D:5      | Killed Duvessa
  6469 | D:5      | Found Gaychang's Magic Scroll Boutique.
  7049 | D:8      | XOM: polymorph ogre -> tengu
  7097 | D:8      | XOM: mild Tmut miscast
  7201 | D:7      | XOM: 1-stop teleportation journey
  7204 | D:7      | XOM: cloud trail
  7237 | D:8      | XOM: polymorph basilisk -> big kobold
  7241 | D:8      | XOM: fake destruction
  7253 | D:7      | Reached skill level 7 in Long Blades
  7307 | D:8      | Found Titol's Jewellery Boutique.
  7340 | D:8      | XOM: scenery: create altars
  7379 | D:8      | XOM: polymorph sky beast -> acid dragon
  7404 | D:8      | XOM: god gift: 20 gold pieces
  7450 | D:8      | XOM: summons friendly quasit
  7482 | D:8      | XOM: smoke on damage
  7563 | D:8      | XOM: scenery: create altars
  7653 | D:8      | XOM: summons 3 hostile shadow creatures
  7812 | D:8      | XOM: divination: detect creatures
  7852 | D:8      | XOM: harmless Hex miscast
  7853 | D:8      | XOM: summons friendly shadow imp
  7858 | D:8      | XOM: summons friendly ufetubus
  7874 | D:8      | Reached XP level 10. HP: 73/83 MP: 10/10
  8338 | D:9      | Noticed a cyan ugly thing
  8343 | D:9      | XOM: scenery: 2 doors open, 1 doors close
  8350 | D:9      | Noticed a satyr
  8350 | D:9      | a cyan ugly thing changed into a satyr
  8350 | D:9      | XOM: polymorph cyan ugly thing -> satyr
  8364 | D:9      | Killed a satyr
  8364 | D:9      | Reached skill level 5 in Dodging
  8364 | D:9      | Reached skill level 5 in Stealth
  8369 | D:9      | XOM: 2-stop teleportation journey
  8557 | D:9      | Lost mutation: You possess an exceptional clarity of mind. [potion of mutation]
  8557 | D:9      | Lost mutation: Your mind is very acute. (Int +4) [potion of mutation]
  8557 | D:9      | Gained mutation: Your mind is very acute. (Int +4) [potion of mutation]
  8557 | D:9      | Gained mutation: Your spells are a little harder to cast, but a little more powerful. [potion of mutation]
  8758 | D:9      | XOM: enchant monster (bad)
  8762 | D:9      | XOM: divination: detect items
  9356 | D:10     | Entered Level 10 of the Dungeon
  9391 | D:9      | Reached skill level 8 in Long Blades
  9414 | D:9      | XOM: confuse monster(s)
  9499 | D:10     | XOM: god gift: 39 gold pieces
  9618 | D:10     | XOM: cleaving
  9656 | D:10     | XOM: noise
  9785 | D:10     | XOM: enchant monster (good)
  9804 | D:10     | XOM: enchant monster (good)
  9816 | D:10     | XOM: cleaving
  9847 | D:10     | XOM: enchant monster (good)
  9849 | D:10     | Gained mutation: You are immune to rotting. [demonic ancestry]
  9849 | D:10     | Reached XP level 11. HP: 35/91 MP: 11/11
 10249 | D:10     | Found a staircase to the Lair.
 10290 | D:10     | Noticed a death yak
 10290 | D:10     | Noticed a death yak
 10290 | D:10     | XOM: enchant monster (bad)
 10291 | D:10     | Noticed a death yak
 10291 | D:10     | Noticed a death yak
 10315 | D:10     | XOM: fog
 10331 | D:9      | XOM: god gift: wand of polymorph (9)
 10355 | D:10     | XOM: smoke on damage
 10378 | D:10     | Reached skill level 9 in Long Blades
 10548 | D:10     | Noticed a death yak
 10594 | D:10     | Killed a death yak
 10598 | D:10     | Reached skill level 5 in Armour
 10761 | D:10     | XOM: confuse monster(s)
 11031 | D:11     | Noticed a two-headed ogre
 11057 | D:11     | Killed a two-headed ogre
 11253 | D:11     | XOM: mild Air miscast
 11418 | D:11     | XOM: blink monster(s)
 11721 | D:12     | Noticed a two-headed ogre
 11745 | D:12     | Killed a two-headed ogre
 11747 | D:12     | XOM: confuse monster(s)
 11906 | D:12     | XOM: enchant monster (bad)
 11924 | D:12     | Noticed a tengu warrior
 11962 | D:12     | Killed a tengu warrior
 12015 | D:12     | XOM: mild Necr miscast
 12408 | D:12     | Reached skill level 10 in Long Blades
 12507 | D:12     | Noticed a sixfirhy
 12508 | D:12     | Reached XP level 12. HP: 96/100 MP: 13/13
 12538 | D:12     | Found a staircase to the Orcish Mines.
 12599 | D:12     | Noticed a six-headed hydra
 12606 | D:12     | XOM: divination: detect items
 12610 | D:12     | XOM: enchant monster (good)
 13464 | D:12     | Found a roughly hewn altar of Beogh.
 13512 | Orc:1    | Entered Level 1 of the Orcish Mines
 13518 | Orc:1    | XOM: confuse monster(s)
 13522 | Orc:1    | Noticed Sonja
 13663 | D:13     | XOM: harmless Ice miscast
 13677 | D:13     | XOM: divine lightning
 13698 | D:13     | Noticed a great orb of eyes
 13698 | D:13     | a slime creature changed into a great orb of eyes
 13711 | D:13     | Killed a great orb of eyes
 13718 | D:13     | XOM: repel stairs
 13734 | D:13     | Demolished by a titanic slime creature

Skill      XL: |  1  2  3  4  5  6  7  8  9 10 11 |
---------------+----------------------------------+-----
Long Blades    | 3 4 5 6 7 8 10 | 10.3
Dodging        | 1 2 3 4 5 6 |  6.7
Armour         | 2 3 4 5 |  5.2
Shields        | 1 2 4 5 6 7 9 |  9.6
Stealth        | 1 2 3 4 6 7 |  7.7
Fighting       | 4 5 6 7 |  7.5
Evocations     | 1 2 |  2.5

Action                   |  1- 3 |  4- 6 |  7- 9 | 10-12 || total
-------------------------+-------+-------+-------+-------++-------
Melee: Falchion          |    88 |   153 |   475 |   735 ||  1451
       Headbutt          |     4 |    29 |    81 |   143 ||   257
Evoke: Wand              |       |       |     9 |    29 ||    38
  Use: Scroll            |     5 |     4 |     8 |    14 ||    31
       Potion            |     3 |     5 |     1 |    10 ||    19
 Stab: Invisible         |     2 |       |       |       ||     2
       Sleeping          |       |     2 |    19 |    13 ||    34
       Confused          |       |       |     4 |     7 ||    11
       Paralysed         |       |       |     9 |    12 ||    21
       Petrified         |       |       |     2 |    11 ||    13
       Distracted        |       |       |     2 |     4 ||     6
       Petrifying        |       |       |       |     7 ||     7
  Eat: Chunk             |       |     8 |    11 |    12 ||    31
       Ration            |       |       |     1 |     3 ||     4
Armor: Leather armour    |    45 |    33 |       |       ||    78
       Troll leather arm |       |    14 |   127 |   107 ||   248
       Skin              |       |       |       |    27 ||    27
Dodge: Dodged            |    45 |    43 |   116 |   228 ||   432
Block: Large shield      |    20 |    86 |   365 |   695 ||  1166
       Reflection        |       |       |     2 |     7 ||     9
       Rpst.: Falchion   |    16 |    16 |    27 |    62 ||   121
